 Dungeon Crawl Stone Soup version 0.22-a0-525-gf69a080 (webtiles) character file.

11865 kae the Fencer (level 11, -3/95 HPs)
             Began as a Minotaur Fighter on June 20, 2018.
             Was a High Priest of Okawaru.
             Slain by a 14-headed hydra (9 damage)
             ... on level 11 of the Dungeon.
             The game lasted 00:10:32 (10511 turns).

kae the Fencer (Minotaur Fighter)                  Turns: 10511, Time: 00:10:33

Health: -3/95      AC: 20    Str: 29    XL:     11   Next: 54%
Magic:  13/13      EV:  8    Int:  6    God:    Okawaru [*****.]
Gold:   592        SH: 10    Dex:  9    Spells: 10/10 levels left

rFire    . . .     SeeInvis .   a - +1 long sword
rCold    . . .     Gourm    .   c - +0 shield
rNeg     . . .     Faith    .   v - +0 plate armour
rPois    +         Spirit   .   (helmet restricted)
rElec    .         Reflect  .   t - +2 cloak {rPois}
rCorr    .         Harm     .   k - +0 pair of gloves
MR       .....                  (no boots)
Stlth    ..........             (no amulet)
HPRegen  0.25/turn              w - +2 ring of protection
MPRegen  0.13/turn              n - ring of poison resistance

@: mighty, marked
A: retaliatory headbutt, horns 2
a: Heroism, Finesse, Renounce Religion


You were on level 11 of the Dungeon.
You worshipped Okawaru.
Okawaru was extremely pleased with you.
You were near starving.

You visited 2 branches of the dungeon, and saw 12 of its levels.
You also visited: Sewer.

You collected 700 gold pieces.
You spent 108 gold pieces at shops.

Inventory:

Hand Weapons
 a - a +1 long sword (weapon)
Armour
 b - a +0 scale mail
 c - a +0 shield (worn)
 k - a +0 pair of gloves (worn)
 t - a +2 cloak of poison resistance (worn)
 v - a +0 plate armour (worn)
Jewellery
 n - a ring of poison resistance (right hand)
 w - a +2 ring of protection (left hand)
 F - an uncursed amulet of magic regeneration {unknown}
Wands
 C - a wand of iceblast (9)
 D - a wand of flame (33)
Scrolls
 g - 3 scrolls of teleportation
 i - 4 scrolls of remove curse
 o - 3 scrolls of magic mapping
 r - 2 scrolls of enchant armour
 s - a scroll of fear
 u - a scroll of fog
 y - 3 scrolls of identify
 B - a scroll of enchant weapon
 E - a scroll of amnesia {unknown}
 G - a scroll of blinking {unknown}
Potions
 d - a potion of might
 e - 3 potions of heal wounds
 h - a potion of lignification
 j - 9 potions of flight
 l - a potion of invisibility
 m - a potion of brilliance
 p - 4 potions of resistance
 q - a potion of cancellation
 x - 3 potions of mutation
 z - 4 potions of magic
 A - a potion of berserk rage {unknown}
Comestibles
 f - 12 rations


   Skills:
 + Level 8.3 Fighting
 * Level 17.1 Long Blades
 + Level 8.4 Armour
 + Level 6.8 Dodging
 - Level 3.6 Shields
 + Level 5.2 Invocations


You had 10 spell levels left.
You didn't know any spells.
Your spell library contained the following spells:

 Spells                   Type           Power        Failure   Level  Hunger
 Summon Small Mammal      Summ           #...         100%        1    ##.....
 Animate Dead             Necr           N/A          100%        4    #####..
 Pain                     Necr           #...         100%        1    ##.....
 Animate Skeleton         Necr           N/A          100%        1    ##.....
 Vampiric Draining        Necr           #.........   100%        3    ####...
 Summon Ice Beast         Ice/Summ       #.......     100%        4    #####..
 Call Imp                 Summ           #.......     100%        2    ###....
 Regeneration             Chrm/Necr      #.........   100%        3    ####...
 Call Canine Familiar     Summ           #.......     100%        3    ####...
 Summon Lightning Spire   Summ/Air       #.......     100%        4    #####..
 Summon Guardian Golem    Hex/Summ       #.......     100%        3    ####...


Dungeon Overview and Level Annotations

Branches:
Dungeon (11/15)            Temple (1/1) D:4            Lair (0/6) D:9
    Orc: D:9-12

Altars:
Ashenzari
Cheibriados
Dithmenos
Elyvilon
Fedhas
Gozag
Hepliaklqana
Kikubaaqudgha
Makhleb
Nemelex Xobeh
Okawaru
Qazlal
Ru
Sif Muna
Trog
Uskayaw
Vehumet
Wu Jian
Xom
Yredelemnul
Zin
The Shining One

Shops:
D:4 =   D:7 }}   D:8 ?

Annotations:
D:4 3 runed doors, Mamutox's ghost, novice HOCK; wazuzu's ghost, novice GnWn


Innate Abilities, Weirdness & Mutations

You reflexively headbutt those who attack you in melee.
You have a pair of horns on your head.


Message History

You block the 13-headed hydra's attack. x2
The 13-headed hydra closely misses you. The 13-headed hydra bites you.
* * * LOW HITPOINT WARNING * * *
The 13-headed hydra bites you!
* * * LOW HITPOINT WARNING * * *
The 13-headed hydra bites you but does no damage. x2
The 13-headed hydra bites you.
* * * LOW HITPOINT WARNING * * *
The 13-headed hydra bites you but does no damage.
The 13-headed hydra bites you.
* * * LOW HITPOINT WARNING * * *
The 13-headed hydra bites you but does no damage. x2
The 13-headed hydra closely misses you.
You lop one of the 13-headed hydra's heads off!
The 12-headed hydra grows two more!
You slice the 14-headed hydra!! You headbutt the 14-headed hydra!!
The 14-headed hydra is almost dead.
The 14-headed hydra bites you but does no damage.
The 14-headed hydra bites you!
You die...

.# #........# #.#
#...###..# .#
#...####.#####.#
#...# #..# .# #...#
#.......# #...###..#
.#####...# #..###..#
#........# .........#
#..# #..# #........#
.........# #..# #..#
#......... .........#
#..# #..# #..#####..
.........#
#..###..####..# #..
.........#
#..D@.........# #..
...).....#
#.####..#####.#####..
.........####รท# #..#
#........
..............# #..#
#........
..............# #..#
#..>.....
....(.........# #..#
#.......#
.........###..# #..#
#.......# .........#
#..# #..# #.......#
.........# #..# #..#
#.......#


You could see a 14-headed hydra.

Vanquished Creatures
  Erolcha (D:9)
  2 two-headed ogres
  Pikel (D:9)
  A manticore (D:11)
  2 ugly things (D:11)
  A slime creature (D:5)
  A hornet (D:9)
  2 dream sheep (D:11)
  A hippogriff (D:10)
  A wyvern (D:10)
  7 yaks
  A vampire (D:9)
  Menkaure (D:7)
  A hungry ghost (D:9)
  A steam dragon (D:9)
  Edmund (D:6)
  An acid dragon (D:11)
  3 wargs (D:9)
  A water moccasin (D:9)
  2 ice beasts
  2 orc warriors (D:7)
  4 slaves (D:9)
  3 phantoms
  6 ogres
  3 centaurs
  A crocodile (D:10)
  4 big kobolds
  8 bullfrogs
  A wyvern zombie (D:10)
  6 scorpions
  4 crimson imps
  A bullfrog zombie (D:7)
  7 jellies
  A centaur zombie (D:11)
  14 orc wizards
  2 centaur skeletons
  4 orc priests
  Crazy Yiuf (D:3)
  3 hounds
  A bullfrog skeleton (D:6)
  A gnoll shaman (D:4)
  2 iguanas
  Terence (D:3)
  6 worker ants
  3 hound skeletons
  2 worker ant zombies
  10 gnolls
  8 adders
  A howler monkey skeleton (D:7)
  5 shadow imps
  9 oozes
  An adder skeleton (D:8)
  2 worms (Sewer)
  A dart slug (D:2)
  7 leopard geckos
  31 orcs
  3 ball pythons
  11 bats
  3 giant cockroaches
  8 goblins
  3 hobgoblins
  10 jackals
  22 kobolds
  5 quokkas
  4 frilled lizards
  5 rats
272 creatures vanquished.

Vanquished Creatures (others)
  9 toadstools (D:5)
  3 withered plants (D:4)
12 creatures vanquished.

Grand Total: 284 creatures vanquished

Notes
Turn   | Place    | Note
-------+----------+-------------------------------------------
     0 | D:1      | kae the Minotaur Fighter began the quest for the Orb.
     0 | D:1      | Reached XP level 1. HP: 19/19 MP: 0/0
    74 | D:1      | Reached XP level 2. HP: 27/27 MP: 1/1
   180 | D:1      | Reached skill level 3 in Long Blades
   334 | D:1      | Reached skill level 1 in Dodging
   334 | D:1      | Reached XP level 3. HP: 23/33 MP: 2/2
   590 | D:2      | You fall through a shaft for 2 floors!
   664 | D:4      | Found a runed gate.
   664 | D:4      | Found a runed gate.
   664 | D:4      | Found a runed gate.
   664 | D:4      | Noticed wazuzu's ghost (novice GnWn)
   665 | D:4      | Noticed Mamutox's ghost (novice HOCK)
   736 | D:4      | Noticed an ogre
   742 | D:4      | Found a staircase to the Ecumenical Temple.
   836 | D:3      | Reached XP level 4. HP: 35/40 MP: 3/3
   943 | D:3      | Noticed an ogre
   956 | D:3      | Killed an ogre
   956 | D:3      | Reached skill level 4 in Long Blades
   956 | D:3      | Reached XP level 5. HP: 27/47 MP: 4/4
  1148 | D:3      | Found a runed door.
  1251 | D:3      | Noticed Terence
  1256 | D:3      | Killed Terence
  1733 | D:3      | Noticed Crazy Yiuf
  1741 | D:3      | Killed Crazy Yiuf
  1941 | D:2      | Reached skill level 5 in Long Blades
  2005 | D:2      | Reached XP level 6. HP: 43/55 MP: 5/5
  2213 | D:2      | Reached skill level 5 in Armour
  2425 | Temple   | Entered the Ecumenical Temple
  2610 | Temple   | Became a worshipper of Warmaster Okawaru
  2692 | D:4      | Reached skill level 5 in Fighting
  2776 | D:4      | Found Raopya's Jewellery Shoppe.
  2780 | D:4      | Bought a cursed ring of loudness for 54 gold pieces
  2780 | D:4      | Bought a cursed ring of teleportation for 54 gold pieces
  2904 | D:4      | Reached skill level 1 in Invocations
  2916 | D:4      | Reached skill level 6 in Long Blades
  2928 | D:4      | Reached XP level 7. HP: 31/61 MP: 6/6
  3262 | D:4      | Reached skill level 15 in Long Blades
  3262 | D:4      | Reached XP level 8. HP: 68/68 MP: 7/7
  3281 | D:5      | Entered Level 5 of the Dungeon
  3504 | D:5      | Noticed a slime creature
  3504 | D:5      | Noticed a slime creature
  3539 | D:5      | Killed a large slime creature
  3539 | D:5      | Reached * piety under Okawaru
  3546 | D:5      | Reached ** piety under Okawaru
  4112 | D:5      | Found a burning altar of Makhleb.
  4160 | D:5      | Reached XP level 9. HP: 55/75 MP: 9/9
  4898 | D:6      | Found a glowing drain.
  4987 | Sewer    | Entered a sewer
  5528 | D:6      | Noticed Edmund
  5539 | D:6      | Killed Edmund
  5906 | D:7      | Reached *** piety under Okawaru
  5968 | D:7      | Found Kegij's Gadget Shoppe.
  6087 | D:7      | Noticed Menkaure
  6099 | D:7      | Killed Menkaure
  6270 | D:7      | Found Peixamis's Gadget Emporium.
  7171 | D:8      | Reached skill level 16 in Long Blades
  7171 | D:8      | Reached XP level 10. HP: 84/84 MP: 11/11
  7254 | D:8      | Reached skill level 5 in Dodging
  7302 | D:8      | Found Edwum's Magic Scroll Boutique.
  7510 | D:8      | You fall through a shaft for 3 floors!
  7511 | D:11     | Noticed a two-headed ogre
  7527 | D:11     | Killed a two-headed ogre
  7527 | D:11     | Reached **** piety under Okawaru
  8008 | D:11     | Noticed a purple ugly thing
  8027 | D:11     | Killed a purple ugly thing
  8156 | D:11     | Noticed a manticore
  8170 | D:11     | Killed a manticore
  8368 | D:11     | Noticed a three-headed hydra
  8584 | D:10     | Entered Level 10 of the Dungeon
  8625 | D:10     | Reached ***** piety under Okawaru
  8773 | D:10     | Reached XP level 11. HP: 92/92 MP: 13/13
  9030 | D:10     | Found a shadowy altar of Dithmenos.
  9147 | D:9      | Noticed Erolcha
  9157 | D:9      | Killed Erolcha
  9630 | D:9      | Found a staircase to the Lair.
  9677 | D:9      | Noticed Pikel
  9702 | D:9      | Killed Pikel
  9712 | D:9      | Reached skill level 5 in Invocations
  9968 | D:9      | Reached skill level 17 in Long Blades
 10054 | D:9      | Noticed a two-headed ogre
 10061 | D:9      | Killed a two-headed ogre
 10421 | D:11     | Noticed a green ugly thing
 10429 | D:11     | Killed a green ugly thing
 10511 | D:11     | Slain by a 14-headed hydra

Vault maps used:
D:1:      tarquinn_simple_flora_water_e
D:2:      kennysheep_potato
D:3:      first_ration, uniq_terence, uniq_crazy_yiuf_cottage
D:4:      minmay_temple_entry_grid, serial_shops, shop_statue,
          gammafunk_ghost_cemetery
D:5:      cheibrodos_fertilizer, kennysheep_mini
D:6:      portal_sewer_entry_e, uniq_edmund
D:7:      serial_shops, kennysheep_little_box, shop, grunt_ministairs_9,
          uniq_menkaure
D:8:      serial_shops, nicolae_shop_trees
D:9:      erik_lair_orcish_takeover, uniq_pikel, uniq_erolcha
D:10:     hangedman_decor_growths, nicolae_dithmenos_through_a_glass_darkly
D:11:     hangedman_ranch
Temple:   minmay_crystal_snake_temple
Sewer:    sewer_fruit_machine

Skill      XL: |  1  2  3  4  5  6  7  8  9 10 11 |
---------------+----------------------------------+-----
Long Blades    | 3 4 5 6 15 16 17 | 17.1
Armour         | 4 5 6 7 8 |  8.4
Dodging        | 1 2 3 4 5 6 |  6.8
Fighting       | 4 5 6 7 8 |  8.3
Invocations    | 1 2 3 4 5 |  5.2
Shields        | |  3.6

Action                   |  1- 3 |  4- 6 |  7- 9 | 10-12 || total
-------------------------+-------+-------+-------+-------++-------
Melee: Long sword        |    54 |   166 |   369 |   337 ||   926
       Headbutt          |     6 |    16 |    83 |    86 ||   191
       Falchion          |       |       |     7 |       ||     7
Invok: Heroism           |       |       |     1 |    14 ||    15
Evoke: Wand              |       |       |       |     8 ||     8
  Use: Scroll            |       |    16 |     5 |     2 ||    23
       Potion            |       |       |     3 |     1 ||     4
  Eat: Chunk             |       |     3 |    12 |     6 ||    21
       Ration            |       |     1 |     1 |     1 ||     3
Armor: Scale mail        |    17 |    13 |       |       ||    30
       Plate armour      |       |    81 |   149 |   176 ||   406
Dodge: Dodged            |    19 |    44 |    62 |    83 ||   208
Block: Shield            |    31 |    84 |   159 |   159 ||   433
       Rpst.: Long sword |     3 |    10 |    19 |    18 ||    50

Table legend:
 A = Spawn XP
 B = Non-spawn XP
 C = Spawn XP percentage of total XP
 D = Spawn monster count
 E = Non-spawn monster count
 F = Spawn count percentage of total count
 G = Total turns spent on level
                    A         B        C        D         E        F      G
               +---------+---------+-------+---------+---------+-------+---------
         Total |       0 |   16227 |   0.0 |       0 |     268 |   0.0 | 10511
               +---------+---------+-------+---------+---------+-------+---------
           D:1 |       0 |      45 |   0.0 |       0 |      17 |   0.0 |   577
           D:2 |       0 |     136 |   0.0 |       0 |      22 |   0.0 |   453
           D:3 |       0 |     272 |   0.0 |       0 |      18 |   0.0 |  1209
           D:4 |       0 |     312 |   0.0 |       0 |      16 |   0.0 |   827
           D:5 |       0 |    1480 |   0.0 |       0 |      36 |   0.0 |  1261
           D:6 |       0 |     885 |   0.0 |       0 |      20 |   0.0 |   831
           D:7 |       0 |    1544 |   0.0 |       0 |      32 |   0.0 |  1216
           D:8 |       0 |     352 |   0.0 |       0 |      10 |   0.0 |   628
           D:9 |       0 |    4599 |   0.0 |       0 |      25 |   0.0 |  1006
          D:10 |       0 |    2340 |   0.0 |       0 |      29 |   0.0 |   602
          D:11 |       0 |    4184 |   0.0 |       0 |      19 |   0.0 |  1209
         Sewer |       0 |      78 |   0.0 |       0 |      24 |   0.0 |   477
               +---------+---------+-------+---------+---------+-------+---------
